 Dungeon Crawl Stone Soup version 0.31-a0-145-g046c7d2549 (webtiles) character file.

Game seed: 5856316816918712302

2051 mopl the Martial Artist (level 9, -4/58 HPs)
             Began as a Djinni Transmuter on June 5, 2023.
             Was a Follower of Okawaru.
             Slain by a wight
             ... wielding a +5 flail
              (11 damage)
             ... on level 7 of the Dungeon.
             The game lasted 00:08:26 (5528 turns).

mopl the Martial Artist (Djinni Transmuter)         Turns: 5528, Time: 00:08:26

Health: -4/58      AC:  3    Str: 13    XL:     9   Next: 49%
Gold:   87         EV: 13    Int: 14    God:    Okawaru [*.....] SH:  0 Dex: 15

rFire   + +          +
                       - Unarmed
rCold   x . .        (no shield)
rNeg    . . .        a - +0 robe
rPois   ∞            (helmet currently unavailable)
rElec   .            (no cloak)
rCorr   .            u - +0 pair of gloves
SInv    .            (boots unavailable)
Will    .....        (no amulet)
Stlth   +            h - ring of protection from fire
HPRegen 0.29/turn    (no ring)
MPRegen 0.00/turn

%: infuse magic (-5 HP)
@: appendages, wereblooded, flying
A: horns 2, flying, sickness immunity, fire resistance 2, cold vulnerability 1,
float, innate caster, HP casting, extra vitality 1
a: End Transformation, Renounce Religion, Heroism


You were on level 7 of the Dungeon.
You worshipped Okawaru.
Okawaru was aware of your devotion.
You had temporarily grown beastly horns.
You visited 1 branch of the dungeon, and saw 7 of its levels.

You collected 321 gold pieces.
You spent 234 gold pieces at shops.

Inventory:

Missiles
 g - 7 poisoned darts
 w - 3 boomerangs
Armour
 a - a +0 robe (worn)
 s - a +0 kite shield
 u - a +0 pair of gloves (worn)
Jewellery
 h - a ring of protection from fire (left hand)
Wands
 y - a wand of quicksilver (6)
Scrolls
 c - 2 scrolls of blinking {unknown}
 d - 3 scrolls of magic mapping {unknown}
 e - a scroll of poison {unknown}
 f - a scroll of noise {unknown}
 i - 2 scrolls of enchant weapon {unknown}
 m - a scroll of amnesia {unknown}
 n - a scroll of fog {unknown}
 p - 2 scrolls of immolation
 r - a scroll of brand weapon {unknown}
 v - a scroll of fear {unknown}
 x - 2 scrolls of teleportation
Potions
 b - 5 potions of lignification {!q}
 j - a potion of haste
 k - a potion of berserk rage {!q}
 l - a potion of brilliance
 o - 3 potions of curing
 q - 2 potions of heal wounds
 t - a potion of enlightenment


   Skills:
 + Level 2.1 Fighting
 + Level 1.3 Throwing
 + Level 1.7 Armour
 + Level 3.1 Dodging
 * Level 9.9 Unarmed Combat
 + Level 4.7 Spellcasting
 + Level 4.7 Conjurations
 + Level 4.7 Hexes
   Level 0.0 Charms
 + Level 4.7 Summonings
 + Level 4.7 Necromancy
 + Level 4.7 Translocations
 + Level 4.7 Transmutations
 + Level 4.7 Fire Magic
 + Level 4.7 Ice Magic
 + Level 4.7 Air Magic
 + Level 4.7 Earth Magic
 + Level 4.7 Poison Magic
 + Level 1.7 Invocations


You knew the following spells:

 Your Spells              Type           Power      Damage    Failure   Level
a - Beastly Appendage     Tmut           32%        N/A       2%          1
b - Spider Form           Tmut/Pois      16%        N/A       8%          3
c - Freeze                Ice            64%        1d7       2%          1
d - Ice Form              Ice/Tmut       16%        N/A       26%         4
e - Searing Ray           Conj           32%        2d5       3%          2
f - Call Imp              Summ           32%        N/A       3%          2
g - Ignite Poison         Fire/Tmut/Pois 16%        N/A       8%          3
w - Wereblood             Tmut           16%        N/A       3%          2
Your spell library was empty.

Dungeon Overview and Level Annotations

Branches:
Dungeon (7/15)             Temple (0/1) D:6

Altars:
Ashenzari
Okawaru
Qazlal
Yredelemnul

Shops:
D:5 (*(*?


Innate Abilities, Weirdness & Mutations

You have temporarily grown beastly horns.
You are flying.
You are immune to sickness and miasma.
You are immune to poison.
Your flesh is very heat resistant. (rF++)
You are vulnerable to cold. (rC-)
You float through the air rather than walking.
You learn spells naturally, not from books.
Your magical power is your life essence.
You have superior vitality. (+4 MHP)


Message History

y - a wand of quicksilver (6)
z - a scroll of identify
As you read the scroll of identify, it crumbles to dust.
l - a potion of brilliance
Okay, then.
A steam dragon comes into view. 2 wights come into view.
The steam dragon hisses angrily.
The wight attacks as you move away! The wight hits you with a +5 scimitar.
Casting: Spider Form (dangerous; 8% risk of failure)
Confirm with . or Enter, or press ? or * to list all spells.
Your blood is infused with primal strength.
The wight misses you.
Casting: Wereblood (safe; 3% risk of failure)
Confirm with . or Enter, or press ? or * to list all spells.
You grow a pair of large bovine horns.
The wight barely misses you.
You closely miss the wight. You closely miss the wight.
Your headbutt misses the wight. The wight closely misses you.
You punch the wight! Your headbutt misses the wight.
The wight is severely damaged.
The wight hits you with a +5 scimitar!
You closely miss the wight.
The wight is severely damaged.
The wight hits you with a +5 scimitar!
You hit the wight. You headbutt the wight.
The wight is almost destroyed.
The wight barely misses you. The wight hits you with a +5 flail!
You punch the wight!
You feel a bit better.
You destroy the wight!
Okawaru accepts your kill. The wight hits you with a +5 flail!
* * * LOW HITPOINT WARNING * * *
There is a stone staircase leading up here.
You howl as the wereblood boils in your veins!
The steam dragon breathes steam at you. The ball of steam hits you. You resist.
* * * LOW HITPOINT WARNING * * *
The wight hits you with a +5 flail!
You die...

###.### #.....#
#.....# #.#.....#
#.#.....# #.#.....#
##### #..§§...##
#..... #....§§..#
#......
#......@§###.......
#......z.D)....#
#........##..###
#########....#
.#.## ....# ######


You could see a steam dragon (catching breath) and a wight.

Vanquished Creatures
  Grinder (D:5)
  Eustachio (D:5)
  Sigmund (D:4)
  A water moccasin (D:6)
  2 sky beasts (D:6)
  2 ogres
  3 black bears
  A phantom (D:5)
  A scorpion (D:5)
  A wight (D:7)
  2 howler monkeys
  A hound (D:5)
  An orc priest (D:4)
  4 jellies
  A gnoll bouda (D:5)
  4 iguanas
  2 orc wizards
  4 gnolls (D:5)
  6 adders
  A white imp (D:5)
  16 orcs
  9 ball pythons
  6 bats
  9 endoplasms
  4 giant cockroaches
  7 goblins
  6 hobgoblins
  2 jackals (D:4)
  4 quokkas
  3 frilled lizards
  5 kobolds
  3 rats
114 creatures vanquished.

Notes
Turn   | Place    | Note
-------+----------+-------------------------------------------
     0 | D:1      | mopl the Djinni Transmuter began the quest for the Orb.
     0 | D:1      | mopl set off with the following spells memorised: Beastly
                  | Appendage, Wereblood, Spider Form, Ice Form.
     0 | D:1      | Reached XP level 1. HP: 17/17 MP: 0/0
   228 | D:1      | Reached XP level 2. HP: 22/22 MP: 0/0
   490 | D:1      | Reached XP level 3. HP: 12/27 MP: 0/0
   490 | D:1      | Learned a level 1 spell: Freeze
  1515 | D:3      | Reached skill level 4 in Unarmed Combat
  1539 | D:3      | Noticed an ogre
  1544 | D:3      | Reached XP level 4. HP: 29/32 MP: 0/0
  1548 | D:3      | Killed an ogre
  1549 | D:3      | Reached skill level 5 in Unarmed Combat
  1549 | D:3      | Reached XP level 5. HP: 35/37 MP: 0/0
  1549 | D:3      | Learned a level 2 spell: Searing Ray
  1681 | D:3      | Noticed a black bear
  1704 | D:3      | Killed a black bear
  1705 | D:3      | Reached skill level 3 in Spellcasting
  1705 | D:3      | Reached skill level 3 in Conjurations
  1705 | D:3      | Reached skill level 3 in Hexes
  1705 | D:3      | Reached skill level 3 in Summonings
  1705 | D:3      | Reached skill level 3 in Necromancy
  1705 | D:3      | Reached skill level 3 in Translocations
  1705 | D:3      | Reached skill level 3 in Transmutations
  1705 | D:3      | Reached skill level 3 in Fire Magic
  1705 | D:3      | Reached skill level 3 in Ice Magic
  1705 | D:3      | Reached skill level 3 in Air Magic
  1705 | D:3      | Reached skill level 3 in Earth Magic
  1705 | D:3      | Reached skill level 3 in Poison Magic
  1705 | D:3      | Reached XP level 6. HP: 34/42 MP: 0/0
  1838 | D:3      | Found a stormy altar of Qazlal.
  2002 | D:3      | Identified the +1 spear of Hugoesuu {heavy, rElec}
  2232 | D:4      | Reached skill level 6 in Unarmed Combat
  2667 | D:4      | Found a broken altar of Ashenzari.
  2708 | D:4      | Reached XP level 7. HP: 47/47 MP: 0/0
  2708 | D:4      | Learned a level 2 spell: Call Imp
  2886 | D:4      | Noticed Sigmund
  2901 | D:4      | Killed Sigmund
  2902 | D:4      | Reached skill level 7 in Unarmed Combat
  3144 | D:5      | Entered Level 5 of the Dungeon
  3253 | D:5      | Found Niwigaos's Weapon Emporium.
  3309 | D:5      | Reached XP level 8. HP: 19/52 MP: 0/0
  3476 | D:5      | Found Hann's General Store.
  3480 | D:5      | Bought a scroll of identify for 24 gold pieces
  3506 | D:5      | Found Waleockuizu's Weapon Shoppe.
  3513 | D:5      | Noticed Eustachio
  3523 | D:5      | Killed Eustachio
  3524 | D:5      | Reached skill level 8 in Unarmed Combat
  3524 | D:5      | Reached skill level 4 in Spellcasting
  3524 | D:5      | Reached skill level 4 in Conjurations
  3524 | D:5      | Reached skill level 4 in Hexes
  3524 | D:5      | Reached skill level 4 in Summonings
  3524 | D:5      | Reached skill level 4 in Necromancy
  3524 | D:5      | Reached skill level 4 in Translocations
  3524 | D:5      | Reached skill level 4 in Transmutations
  3524 | D:5      | Reached skill level 4 in Fire Magic
  3524 | D:5      | Reached skill level 4 in Ice Magic
  3524 | D:5      | Reached skill level 4 in Air Magic
  3524 | D:5      | Reached skill level 4 in Earth Magic
  3524 | D:5      | Reached skill level 4 in Poison Magic
  4095 | D:5      | Noticed Grinder
  4171 | D:5      | Found Sasite's Magic Scroll Shoppe.
  4206 | D:5      | Killed Grinder
  4207 | D:5      | Reached skill level 9 in Unarmed Combat
  4214 | D:5      | Bought a scroll of immolation for 56 gold pieces
  4214 | D:5      | Bought a scroll of teleportation for 42 gold pieces
  4214 | D:5      | Bought a scroll of identify for 28 gold pieces
  4214 | D:5      | Bought a scroll of identify for 28 gold pieces
  4214 | D:5      | Bought a scroll of identify for 28 gold pieces
  4214 | D:5      | Bought a scroll of identify for 28 gold pieces
  4224 | D:5      | Found Guebisy's General Store.
  4413 | D:5      | Found an iron altar of Okawaru.
  4708 | D:5      | Became a worshipper of Warmaster Okawaru
  4783 | D:6      | Reached XP level 9. HP: 38/57 MP: 0/0
  4783 | D:6      | Learned a level 3 spell: Ignite Poison
  4853 | D:6      | Found a staircase to the Ecumenical Temple.
  4959 | D:6      | Reached skill level 1 in Throwing
  4959 | D:6      | Reached skill level 1 in Armour
  4959 | D:6      | Reached skill level 1 in Invocations
  5128 | D:6      | Reached * piety under Okawaru
  5278 | D:6      | Found a basalt altar of Yredelemnul.
  5343 | D:6      | Reached skill level 2 in Fighting
  5343 | D:6      | Reached skill level 3 in Dodging
  5528 | D:7      | Slain by a wight

Illustrated notes

Levels and vault maps discovered:
D:1:      dpeg_arrival_pond, layout_loops_ring, st_stairs_4
D:2:      minmay_door_path, layout_basic
D:3:      layout_basic, mainiacjoe_overflow_alcove_2,
          nicolae_qazlal_scattered_showers, minmay_starry_boxes
D:4:      layout_loops_cross, lemuel_crystal_altar, uniq_sigmund
D:5:      minmay_general_purpose_star, layout_basic, kennysheep_mini_moat,
          serial_shops, nicolae_shop_pleasant_corner_grove, nicolae_shop_trees,
          nicolae_shop_real_fake_doors, nicolae_shop_hallway_plus,
          nicolae_shop_tiny_real_fake_doors, kennysheep_generic_room_15,
          uniq_eustachio, uniq_grinder
D:6:      layout_loops_ring, yredelemnul_altar_generic,
          minmay_temple_entry_junction, hex_medium
D:7:      layout_rooms, fedhas_altar_2, minitemple

Skill      XL: |  1  2  3  4  5  6  7  8  9 |
---------------+----------------------------+-----
Unarmed Combat | 4 5 6 7 9 |  9.9
Spellcasting   | 3 4 |  4.7
Conjurations   | 3 4 |  4.7
Hexes          | 3 4 |  4.7
Summonings     | 3 4 |  4.7
Necromancy     | 3 4 |  4.7
Translocations | 3 4 |  4.7
Transmutations | 3 4 |  4.7
Fire Magic     | 3 4 |  4.7
Ice Magic      | 3 4 |  4.7
Air Magic      | 3 4 |  4.7
Earth Magic    | 3 4 |  4.7
Poison Magic   | 3 4 |  4.7
Throwing       | 1 |  1.3
Armour         | 1 |  1.7
Invocations    | 1 |  1.7
Fighting       | 2 |  2.1
Dodging        | 3 |  3.1

Action                     |  1- 3 |  4- 6 |  7- 9 || total
---------------------------+-------+-------+-------++-------
  Melee: Unarmed           |   112 |   104 |   176 ||   392
         Headbutt          |    10 |     2 |     3 ||    15
         Punch             |     4 |     2 |     2 ||     8
   Cast: Beastly Appendage |    22 |     6 |     3 ||    31
         Spider Form       |     1 |     3 |    17 ||    21
         Wereblood         |       |       |     1 ||     1
    Use: Scroll            |       |       |     8 ||     8
   Stab: Sleeping          |     2 |     2 |       ||     4
 Armour: Robe              |    13 |    15 |     5 ||    33
         Skin              |       |     1 |     4 ||     5
  Dodge: Dodged            |    61 |    60 |   102 ||   223

Table legend: (Time is in decaauts)
 A = Elapsed time spent in this place.
 B = Non-inter-level travel time spent in this place.
 C = Inter-level travel time spent in this place.
 D = Time resting spent in this place.
 E = Time spent auto-exploring this place.
 F = Levels seen in this place.
 G = Mean time per level.
                   A        B        C        D        E       F      G
               +--------+--------+--------+--------+--------+-----+--------+
         Total |   5483 |   5234 |    249 |   1131 |   3158 |   7 |  783.3 |
       Dungeon |   5483 |   5234 |    249 |   1131 |   3158 |   7 |  783.3 |
               +--------+--------+--------+--------+--------+-----+--------+

Top non-repeatable levels by time:
     D:5: 1522 daAuts
     D:4: 989 daAuts
     D:1: 918 daAuts
     D:3: 730 daAuts
     D:6: 729 daAuts
     D:2: 561 daAuts
     D:7: 31 daAuts
